 Dungeon Crawl Stone Soup version 0.30.1-11-g7821555f0a (webtiles) character file.

Game seed: 5313230693178554340

886 safid the Conjurer (level 8, 0/45 (49) HPs)
             Began as a Gargoyle Reaver on Dec 5, 2023.
             Slain by a gnoll
             ... wielding a +0 flail
             ... led by a gnoll sergeant
              (5 damage)
             ... on level 5 of the Dungeon.
             The game lasted 00:09:00 (4498 turns).

safid the Conjurer (Gargoyle Reaver)                Turns: 4498, Time: 00:09:01

HP:   0/45 (49)     AC: 10    Str: 18    XL:     8   Next: 5%
MP:   11/14         EV: 11    Int: 14    God:
Gold: 242           SH:  0    Dex:  8    Spells: 9/15 levels left

rFire   + . .        a - +0 mace
rCold   . . .        (no shield)
rNeg    + + .        o - +2 leather armour {rF+}
rPois   ∞            (no helmet)
rElec   +            (no cloak)
rCorr   .            (no gloves)
SInv    .            (no boots)
Will    .....        (no amulet)
Stlth   +            u - ring of positive energy
HPRegen 0.27/turn    (no ring)
MPRegen 0.14/turn

%: no passive effects
@: immotile, drained
A: sickness immunity, AC +5, negative energy resistance 1, electricity
resistance, torment resistance 1, petrification resistance
a: no special abilities


You were on level 5 of the Dungeon.
You visited 1 branch of the dungeon, and saw 5 of its levels.
You also visited: Sewer.

You collected 242 gold pieces.

Inventory:

Hand Weapons
 a - a +0 mace (weapon)
Missiles
 y - a curare-tipped dart
Armour
 b - a +0 leather armour
 o - a +2 leather armour of fire resistance (worn)
Jewellery
 u - a ring of positive energy (left hand)
Wands
 n - a wand of flame (22)
Scrolls
 d - 8 scrolls of identify {unknown}
 e - 3 scrolls of enchant armour {unknown}
 f - a scroll of enchant weapon {unknown}
 g - 3 scrolls of magic mapping {unknown}
 i - 3 scrolls of teleportation {unknown}
 m - a scroll of fog {unknown}
 p - a scroll of vulnerability {unknown}
 q - a scroll of amnesia {unknown}
 r - a scroll of fear {unknown}
 t - 2 scrolls of poison {unknown}
Potions
 c - 5 potions of mutation {unknown}
 h - 2 potions of flight {unknown}
 j - 3 potions of curing {unknown}
 k - 2 potions of might {unknown}
 l - 2 potions of heal wounds {unknown}
 s - 2 potions of berserk rage {unknown}
 v - a potion of magic {unknown}
 w - 3 potions of brilliance {unknown}
 x - 2 potions of experience {unknown}
 z - a potion of invisibility {unknown}


   Skills:
 + Level 5.1 Fighting
 + Level 5.2 Maces & Flails
 - Level 2.0 Armour
 - Level 1.5 Dodging
 + Level 4.3 Spellcasting
 + Level 5.7 Conjurations


You had 9 spell levels left.
You knew the following spells:

 Your Spells              Type           Power      Damage    Failure   Level
a - Kiss of Death         Conj/Necr      44%        2d8       7%          1
b - Momentum Strike       Conj/Tloc      22%        3d8       11%         2
c - Hailstorm             Conj/Ice       11%        3d5       21%         3

Your spell library contained the following spells:

 Spells                   Type           Power      Damage    Failure   Level


Dungeon Overview and Level Annotations

Branches:
Dungeon (5/15)              Sewer (visited)
 Temple: D:4-7

Altars:
Ashenzari

Shops:
D:5 =[


Innate Abilities, Weirdness & Mutations

You are immune to sickness and miasma.
Your stone body is resilient. (AC +5)
You are immune to poison.
You resist negative energy. (rN+)
You are resistant to electric shocks. (rElec)
You are resistant to unholy torment.
You are immune to petrification.


Message History

The gnoll sergeant closely misses you.
You hit the gnoll sergeant but do no damage.
The gnoll sergeant is almost dead.
The gnoll sergeant hits you with a +0 spear.
* * * LOW HITPOINT WARNING * * *
You barely miss the gnoll sergeant.
The gnoll sergeant is almost dead.
The gnoll sergeant barely misses you.
You hit the gnoll sergeant but do no damage.
The gnoll sergeant is almost dead.
The gnoll sergeant barely misses you.
You hit the gnoll sergeant.
The gnoll sergeant is almost dead.
The gnoll sergeant hits you with a +0 spear.
* * * LOW HITPOINT WARNING * * *
You hit the gnoll sergeant but do no damage.
The gnoll sergeant is almost dead.
The gnoll sergeant hits you with a +0 spear.
* * * LOW HITPOINT WARNING * * *
You hit the gnoll sergeant but do no damage.
The gnoll sergeant is almost dead.
The gnoll sergeant closely misses you. The gnoll sergeant barely misses you.
Casting: Kiss of Death (safe; 8% risk of failure)
Confirm with . or Enter, or press ? or * to list all spells.
Aiming: Momentum Strike (safe; 12% risk of failure)
Press: ? - help, Dir - move target, f/p - gnoll sergeant
Aim: a gnoll sergeant, wielding a +0 spear and wearing a +0 scale mail (almost dead, lightly drained, 77% to hit)
The concentrated momentum hits the gnoll sergeant!
You kill the gnoll sergeant!
You are unable to move.
You have reached level 8!
You feel clever.
You barely miss the gnoll. The gnoll hits you but does no damage.
You hit the gnoll. You punch the gnoll, but do no damage.
The gnoll is lightly wounded.
The gnoll completely misses you.
You barely miss the gnoll.
The gnoll is lightly wounded.
The gnoll hits you with a +0 flail.
You die... #.# #. .#.#.#. ..... ...... #. #g#. g#.#. #.# .gg

.... #..... #g#.#.#
#..#.# #.g##.# #..#.#
#..gg# ####.##.# ####g#
##.......# #@#
###..#...#.. ######.#
#....~~~~~..
#>.....#####..#~~~~~~~#
#..............~~~~~~~.
#.##########...~~~.~~~.
# ##.~~~~~~~~~
#.#~~~~~~~# #...~~~~~..
##..#...#..


You could see 3 gnolls.

Vanquished Creatures
  Prince Ribbit (D:5)
  3 kobold brigands (Sewer)
  A gnoll sergeant (D:5)
  A jelly (D:4)
  2 orc priests
  A hound (D:5)
  A gnoll bouda (D:5)
  Ijyb (D:3)
  An iguana (D:5)
  3 gnolls (D:5)
  6 adders
  An ufetubus (D:5)
  4 worms
  4 dart slugs
  8 orcs
  7 bats
  8 endoplasms
  7 giant cockroaches
  6 goblins
  10 hobgoblins
  4 jackals (D:3)
  11 kobolds
  2 quokkas
  5 ball pythons
  6 frilled lizards
  5 rats
109 creatures vanquished.

Notes
Turn   | Place    | Note
-------+----------+-------------------------------------------
     0 | D:1      | safid the Gargoyle Reaver began the quest for the Orb.
     0 | D:1      | Reached XP level 1. HP: 12/12 MP: 3/3
    83 | D:1      | Reached XP level 2. HP: 3/18 MP: 3/5
   798 | D:2      | Reached XP level 3. HP: 10/20 MP: 4/6
  1163 | D:2      | Reached XP level 4. HP: 19/27 MP: 7/7
  1867 | D:3      | Learned a level 2 spell: Momentum Strike
  1891 | D:3      | Reached XP level 5. HP: 31/32 MP: 6/9
  2358 | D:3      | Noticed Ijyb
  2368 | D:3      | Killed Ijyb
  3080 | D:4      | Found a broken altar of Ashenzari.
  3098 | D:4      | Reached skill level 1 in Armour
  3098 | D:4      | Reached XP level 6. HP: 15/38 MP: 7/10
  3825 | D:5      | Entered Level 5 of the Dungeon
  3825 | D:5      | Found a glowing drain.
  3825 | D:5      | Found Ugaroakh's Jewellery Boutique.
  3830 | D:5      | Noticed Prince Ribbit
  3883 | D:5      | Killed Prince Ribbit
  3884 | D:5      | Reached skill level 5 in Conjurations
  3884 | D:5      | Reached XP level 7. HP: 3/44 MP: 5/12
  3894 | D:5      | Found Maroasm's Antique Armour Shop.
  3949 | Sewer    | Entered a sewer
  4039 | Sewer    | Learned a level 3 spell: Hailstorm
  4282 | Sewer    | Reached skill level 5 in Maces & Flails
  4445 | D:5      | Found Qoudd's General Store.
  4480 | D:5      | Reached skill level 5 in Fighting
  4496 | D:5      | Reached XP level 8. HP: 4/45 MP: 11/14
  4498 | D:5      | Slain by a gnoll

Illustrated notes

Levels and vault maps discovered:
D:1:      dpeg_arrival_arbitrary_c, layout_basic
D:2:      layout_loops_corners, minmay_vboxes
D:3:      layout_basic, minmay_misc_feat_alley, uniq_ijyb
D:4:      layout_basic, evilmike_ruin_ashenzari, serial_glass, glass_columns_a,
          glass_columns_a, glass_columns_a, glass_columns_a, st_stairs_1
D:5:      layout_loops_ring, serial_shops, nicolae_shop_scrapyard, shop,
          nicolae_book_shop_shelving, shop, shop, cheibrodos_sewer_entry_drain,
          st_stairs_13, nicolae_grassy_gnolls, uniq_sigmund,
          uniq_prince_ribbit1, uniq_eustachio

Skill      XL: |  1  2  3  4  5  6  7 |
---------------+----------------------+-----
Fighting       | 3 4 5 |  5.1
Conjurations   | 4 5 |  5.7
Spellcasting   | 3 4 |  4.3
Maces & Flails | 4 5 |  5.2
Armour         | 1 2 |  2.0
Dodging        | |  1.5

Action                     |  1- 3 |  4- 6 |  7- 9 || total
---------------------------+-------+-------+-------++-------
  Melee: Mace              |   134 |   180 |   122 ||   436
         Punch             |     2 |       |     1 ||     3
   Cast: Kiss of Death     |     2 |     2 |     2 ||     6
         Momentum Strike   |       |    14 |     6 ||    20
 Armour: Leather armour    |    43 |    74 |    79 ||   196
  Dodge: Dodged            |   101 |   106 |   109 ||   316
